 Dungeon Crawl Stone Soup version 0.30-b1-2-g02819fbbbe (webtiles) character file.

Game seed: 13702322405979948423

110 Gobbopathe the Chopper (level 4, -5/35 HPs)
             Began as a Demonspawn Chaos Knight on May 16, 2023.
             Was a Plaything of Xom.
             Slain by Natasha (7 damage)
             ... on level 2 of the Dungeon.
             The game lasted 00:05:53 (1457 turns).

Gobbopathe the Chopper (Demonspawn Chaos Knight)    Turns: 1457, Time: 00:05:53

Health: -5/35      AC:  8    Str: 15    XL:     4   Next: 61%
Magic:  4/4        EV:  9    Int: 13    God:    Xom [....*.]
Gold:   63         SH:  6    Dex: 12    Spells: 3/3 levels left

rFire   . . .        a - +0 hand axe (chaos)
rCold   . . .        f - +0 kite shield
rNeg    . . .        b - +2 leather armour
rPois   .            g - +0 helmet
rElec   .            (no cloak)
rCorr   .            (no gloves)
SInv    .            (no boots)
Will    .....        (no amulet)
Stlth   +            (no ring)
HPRegen 0.25/turn    (no ring)
MPRegen 0.09/turn

%: no passive effects
@: weak-willed, slowed, very slow
A: molten scales 1
a: Renounce Religion


You were on level 2 of the Dungeon.
You worshipped Xom.
You were a beloved toy of Xom.
You visited 1 branch of the dungeon, and saw 2 of its levels.

You collected 63 gold pieces.

Inventory:

Hand Weapons
 a - a +0 hand axe of chaos (weapon)
Armour
 b - a +2 leather armour (worn)
 f - a +0 kite shield (worn)
 g - a +0 helmet (worn)
Magical Staves
 d - a staff of conjuration
Scrolls
 i - 2 scrolls of vulnerability
Miscellaneous
 c - a piece from Xom's chessboard (14/15) (quivered)


   Skills:
 + Level 3.3 Fighting
 * Level 7.5 Axes
 - Level 1.7 Armour
 - Level 0.8 Dodging
 + Level 0.3 Shields


You had 3 spell levels left.
You didn't know any spells.
Your spell library was empty.

Dungeon Overview and Level Annotations

Branches:
Dungeon (2/15) Zot: 10518

Altars:

Annotations:
D:2 Jessica, Natasha


Innate Abilities, Weirdness & Mutations

You are partially covered in molten scales. (AC +2)


Message History

Natasha is lightly wounded.
You block the cerulean imp's attack. You block Natasha's attack.
You hit Natasha.
Natasha seems to speed up.
Xom thinks this is hilarious!
Natasha is moderately wounded.
The cerulean imp barely misses you. You block Natasha's attack.
The cerulean imp hits you from afar with a +2 spear.
Natasha attacks as you move away! Natasha claws you.
* * * LOW HITPOINT WARNING * * *
Natasha closely misses you.
Unknown command.
You aren't carrying any potions.
Unknown command.
Natasha stares at you and mumbles some strange words.
You feel yourself slow down.
You aren't carrying any potions.
As you read the scroll labelled JUANOA HOELAARR, it crumbles to dust.
Magic quickly surges around you.
It was a scroll of vulnerability.
Natasha casts a spell at you. The magic dart hits you.
* * * LOW HITPOINT WARNING * * *
You block the cerulean imp's attack. Natasha claws you but does no damage.
The cerulean imp barely misses you.
As you read the scroll labelled POCZAF OQANE, it crumbles to dust.
You feel aware of your surroundings.
It was a scroll of magic mapping.
Xom makes a sudden noise!
You hear maniacal laughter.
You are now a beloved toy of Xom.
You hear an angry hiss. x2; You hear a shout! x6
You block Natasha's attack. Natasha barely misses you.
The cerulean imp hits you but does no damage.
As you read the scroll labelled DOAFFU KEIKH, it crumbles to dust.
It is a scroll of identify.
You don't currently have any unidentified items.
You block Natasha's attack.
The cerulean imp hits you from afar with a +2 spear.
* * * LOW HITPOINT WARNING * * *
You block Natasha's attack. The cerulean imp barely misses you.
Natasha claws you!
You die...
Xom guffaws!

,,.........=........**,,8*,,*
#.##.#......##.....**,,,**,**
............##...##*8,,***,*
#.##.#......##...###,>,* *,*
*,*#.#.............#8,,***,*
,,*#,#.............#*,,,**,*
,,,,.......(....5##.#*,,8*,*
*,**.#########.#h#*,***,,+,*
*,**,* **#.#@#*,* **8***
*,**,* *,#.#.#*,* ***
*,**,#######+#.#.#*,*
*,**,#.........#.#*,*
*,**,#........##.#*,*
*,*#.#........##.#***
,,##.#........##.#
**#......###.###.#
#......+.......#


You could see Natasha (fast, agile, weak-willed) and a cerulean imp (summoned,
weak-willed).

Vanquished Creatures
  Natasha (D:2)
  3 gnolls (D:2)
  An adder (D:2)
  2 dart slugs (D:1)
  2 endoplasms
  A giant cockroach (D:1)
  2 goblins
  A hobgoblin (D:1)
  2 kobolds (D:1)
  2 quokkas
  7 ball pythons
  3 bats
  2 frilled lizards
  3 rats
32 creatures vanquished.

Notes
Turn   | Place    | Note
-------+----------+-------------------------------------------
     0 | D:1      | Gobbopathe the Demonspawn Chaos Knight began the quest for
                  | the Orb.
     0 | D:1      | Reached XP level 1. HP: 18/18 MP: 1/1
   107 | D:1      | XOM: silly message
   124 | D:1      | XOM: silly message
   313 | D:1      | Found a faded altar of an unknown god.
   465 | D:1      | Reached skill level 3 in Axes
   486 | D:1      | XOM: potion effect (experience)
   486 | D:1      | Reached skill level 7 in Axes
   486 | D:1      | Gained mutation: You are partially covered in molten
                  | scales. (AC +2) [demonic ancestry]
   486 | D:1      | Reached XP level 2. HP: 24/24 MP: 2/2
   605 | D:1      | Reached XP level 3. HP: 28/29 MP: 3/3
   623 | D:1      | You fall into a shaft and drop 1 floor!
   629 | D:2      | Noticed Jessica
   629 | D:2      | Noticed Natasha
   649 | D:2      | Killed Natasha
   752 | D:1      | Reached XP level 4. HP: 34/35 MP: 4/4
   870 | D:1      | XOM: divination: detect creatures
  1143 | D:2      | XOM: divination: detect items
  1270 | D:2      | XOM: butterfly on damage
  1278 | D:2      | HP: 1/35 [gnoll/+0 short sword (1)]
  1306 | D:2      | XOM: silly message
  1308 | D:2      | XOM: snakes to sticks
  1314 | D:2      | Noticed Natasha
  1314 | D:2      | XOM: 1-stop teleportation journey
  1324 | D:2      | XOM: 4-stop teleportation journey
  1456 | D:2      | XOM: noise
  1457 | D:2      | Slain by Natasha

Illustrated notes

Levels and vault maps discovered:
D:1:      psy_arrival_terrarium, layout_loops_corners,
          dreamdust_ecumenical_altar_hidden_monk_grotto
D:2:      layout_basic, grunt_ministairs_8, minmay_cut_off, uniq_jessica,
          uniq_natasha, uniq_robin

Skill      XL: |  1 |
---------------+----+-----
Axes           | 7 |  7.5
Fighting       | |  3.3
Armour         | |  1.7
Dodging        | |  0.8
Shields        | |  0.3

Action                     |  1- 3 |  4- 6 || total
---------------------------+-------+-------++-------
  Melee: Hand axe          |    72 |    60 ||   132
  Evoke: Piece from Xom's  |       |     1 ||     1
    Use: Potion            |     2 |       ||     2
         Scroll            |       |     3 ||     3
 Armour: Leather armour    |    44 |    37 ||    81
  Dodge: Dodged            |    67 |    35 ||   102
  Block: Kite shield       |       |    41 ||    41
